 Dungeon Crawl Stone Soup version 0.26-a0-812-g31a745ddcd (webtiles) character file.

Game seed: 10282143869483378213

28830 MalarOregon the Carver (level 13, 0/108 HPs)
             Began as a Purple Draconian Abyssal Knight on Nov 25, 2020.
             Was the Champion of Lugonu.
             Slain by a catoblepas (11 damage)
             ... while petrified by you
             ... in a Gauntlet.
             The game lasted 00:37:45 (20444 turns).

MalarOregon the Carver (DrAK)                      Turns: 20444, Time: 00:37:46

Health: 0/108      AC: 12    Str: 25    XL:     13   Next: 11%
Magic:  23/23      EV:  2    Int: 15    God:    Lugonu [******]
Gold:   825        SH:  0    Dex: 12    Spells: 24/26 levels left

rFire    . . .     SeeInvis +   V - +2 long sword
rCold    . . .     Faith    .   n - +0 buckler
rNeg     + + +     Spirit   .   (armour unavailable)
rPois    ∞         Reflect  +   T - +0 hat {SInv}
rElec    .         Harm     .   M - +0 cloak
rCorr    .         Rampage  .   C - +2 pair of gloves {Str+3}
MR       +....     NoTele   +   (no boots)
Stlth    +.........             s - amulet of reflection
HPRegen  0.28/turn              A - ring of poison resistance
MPRegen  0.18/turn              f - +6 ring of strength

@: petrified, studying Slings
A: breathe power, unfitting armour, cold-blooded, AC +8
a: Breathe Dispelling Energy, Depart the Abyss, Bend Space, Banish, Corrupt,
Enter the Abyss, Brand Weapon With Distortion, Renounce Religion


You were in a Gauntlet.
You worshipped Lugonu.
Lugonu was exalted by your worship.
You visited 3 branches of the dungeon, and saw 15 of its levels.
You visited the Abyss 1 time.
You also visited: Ossuary and Gauntlet.

You collected 982 gold pieces.
You spent 157 gold pieces at shops.

Inventory:

Hand Weapons
 o - a +3 dagger of electrocution
   (You took it off a kobold on level 3 of the Dungeon)
 E - a +3 antimagic short sword
   (You took it off a goblin on level 4 of the Dungeon)
 L - a +2 dagger of venom
   (You took it off an orc on level 9 of the Dungeon)
 P - a +0 short sword of holy wrath
   (You took it off an orc on level 10 of the Dungeon)
 V - a +2 long sword (weapon)
   (You took it off Urug on level 2 of the Lair of Beasts)
Missiles
 m - 24 boomerangs
 F - 2 throwing nets {!f}
 I - 42 poisoned darts (quivered)
 Q - 6 javelins
Armour
 n - a +0 buckler (worn)
   (You found it on level 3 of the Dungeon)
 C - a +2 pair of gloves of strength (worn)
   (You bought it in a shop on level 8 of the Dungeon)
 M - a +0 cloak (worn)
   (You took it off Maurice on level 9 of the Dungeon)
 T - a +0 hat of see invisible (worn)
   (You took it off Gastronok on level 2 of the Lair of Beasts)
Jewellery
 f - a +6 ring of strength (right hand)
   (You found it on level 1 of the Dungeon)
 s - an amulet of reflection (around neck)
   (You found it on level 4 of the Dungeon)
 A - a ring of poison resistance (left hand)
   (You found it on level 6 of the Dungeon)
 K - an uncursed amulet of faith {unknown}
   (You found it on level 3 of the Lair of Beasts)
 S - an uncursed ring of resist corrosion
   (You found it on level 2 of the Lair of Beasts)
Wands
 c - a wand of disintegration (9)
   (You found it on level 8 of the Dungeon)
 d - a wand of iceblast (15)
   (You took it off an orc on level 9 of the Dungeon)
 t - a wand of flame (57)
   (You found it on level 8 of the Dungeon)
 u - a wand of paralysis (8)
   (You took it off Harold on level 8 of the Dungeon)
 v - a wand of digging (8)
   (You found it on level 3 of the Lair of Beasts)
 x - a wand of acid (32)
   (You found it on level 5 of the Dungeon)
 J - a wand of enslavement (15)
   (You found it on level 1 of the Lair of Beasts)
Scrolls
 h - 6 scrolls of teleportation {@r4}
 k - 3 scrolls of fear
 l - 8 scrolls of identify {@r1}
 p - a scroll of torment {unknown}
 w - 6 scrolls of blinking
 y - 4 scrolls of immolation {!r}
 z - a scroll of enchant armour {unknown}
 D - 2 scrolls of magic mapping
 G - 5 scrolls of remove curse {@r2}
 R - a scroll of acquirement {unknown}
 W - a scroll of vulnerability {unknown}
 X - 2 scrolls of enchant weapon
Potions
 b - a potion of magic
 e - a potion of cancellation
 g - 5 potions of haste {@q3}
 i - 4 potions of brilliance
 j - a potion of flight
 q - a potion of degeneration {unknown}
 r - a potion of lignification {!q}
 B - 2 potions of curing {@q1}
 N - a potion of might
 O - 2 potions of heal wounds {unknown}
 U - 2 potions of mutation {unknown}
Books
 a - a manual of Slings {!d}
   (You found it on level 5 of the Dungeon)
Miscellaneous
 H - a lightning rod (4/4) {!a}
   (You found it on level 8 of the Dungeon)


   Skills:
 + Level 8.6 Fighting
 - Level 8.1(10.5) Short Blades
 * Level 10.4(11.5) Long Blades
 + Level 8.3 Slings
 + Level 7.0 Dodging
 - Level 4.0 Shields
 + Level 7.1 Spellcasting
 + Level 7.0 Hexes
 + Level 8.1 Invocations
 + Level 6.9 Evocations


You had 24 spell levels left.
You knew the following spells:

 Your Spells              Type           Power        Failure   Level
s - Slow                  Hex            ####....     1%          2

Your spell library contained the following spells:

 Spells                   Type           Power        Failure   Level
 Magic Dart               Conj           #...         13%         1
 Blink                    Tloc           N/A          21%         2
 Call Imp                 Summ           #.......     21%         2
 Corpse Rot               Necr/Air       N/A          21%         2
 Poisonous Vapours        Pois/Air       #.....       21%         2
 Sublimation of Blood     Necr           #.........   21%         2
 Conjure Flame            Conj/Fire      #.......     36%         3
 Mephitic Cloud           Conj/Pois/Air  #.......     36%         3
 Dispel Undead            Necr           #.......     78%         4
 Agony                    Necr           #.......     98%         5
 Excruciating Wounds      Necr           #.........   98%         5
 Freezing Cloud           Conj/Ice/Air   #.........   100%        6


Dungeon Overview and Level Annotations

Branches:
Dungeon (10/15)            Temple (1/1) D:5            Lair (4/6) D:8
  Swamp (0/4) Lair:3        Snake (0/4) Lair:4          Orc (0/2) D:10
Ossuary (visited)         Gauntlet (1/1)

Altars:
Ashenzari
Cheibriados
Dithmenos
Elyvilon
Fedhas
Gozag
Hepliaklqana
Kikubaaqudgha
Makhleb
Nemelex Xobeh
Okawaru
Qazlal
Ru
Sif Muna
Trog
Uskayaw
Vehumet
Wu Jian
Xom
Yredelemnul
Zin
The Shining One
Beogh
Jiyva
Lugonu

Shops:
D:8 [

Annotations:
Lair:2 3 runed translucent doors, tilp's ghost, journeyman HaAK Gauntlet 17 transporters, exclusion: 4 lightning spires


Innate Abilities, Weirdness & Mutations

You can breathe bolts of dispelling energy.
Your rich purple scales are hard. (AC +8)
You cannot fit into any form of body armour.
You are cold-blooded and may be slowed by cold attacks.


Message History

V - a +2 long sword (weapon)
The gargoyle misses you.
You riposte.
You hit the gargoyle. You hit the gargoyle but do no damage.
You tail-slap the gargoyle, but do no damage.
You hit the gargoyle but do no damage.
You tail-slap the gargoyle, but do no damage.
The gargoyle completely misses you.
You hit the gargoyle but do no damage.
You tail-slap the gargoyle, but do no damage.
You block the gargoyle's attack.
You hit the gargoyle but do no damage.
The catoblepas breathes a plume of calcifying dust at you.
The blast of calcifying dust hits you but does no damage.
You are engulfed in calcifying dust.
You hit the gargoyle. You tail-slap the gargoyle!
You are engulfed in calcifying dust.
You are slowing down.
The gargoyle barely misses you.
You hit the catoblepas but do no damage.
You tail-slap the catoblepas, but do no damage.
You are engulfed in calcifying dust.
The gargoyle hits you but does no damage.
The catoblepas breathes a plume of calcifying dust at you.
The blast of calcifying dust hits you but does no damage.
Your limbs are stiffening.
You hit the catoblepas.
You are engulfed in calcifying dust.
Your limbs have turned to stone.
The catoblepas gores you!!
The gargoyle hits you with a +0 morningstar.
You have turned to stone.
The catoblepas gores you.
The gargoyle hurls a stone arrow at you.
The stone arrow hits you!! The catoblepas gores you.
The gargoyle hits you with a +0 morningstar!
The catoblepas gores you!
The gargoyle hurls a stone arrow at you.
The stone arrow hits you!
* * * LOW HITPOINT WARNING * * *
The catoblepas gores you!!
* * * LOW HITPOINT WARNING * * *
The gargoyle hurls a stone arrow at you.
The stone arrow hits you!
* * * LOW HITPOINT WARNING * * *
The catoblepas gores you!!
* * * LOW HITPOINT WARNING * * *
The gargoyle hits you with a +0 morningstar!
* * * LOW HITPOINT WARNING * * *
The catoblepas gores you!!
You die...

#################################
§§8≈≈#©.........©.........©#≈≈8≈≈
#################################
.....#...#.##©##.....#.##.......#
.^##..#..#.#.##.###..#.#.#.....#.
..#..##..#.#.#.##.##.#.#..#...#.[
!.##..#..#.#.#.#.#.#.#.#...#.#...
©.#.©##..#.#.#.#Y#.#.#.#...©#...©
=.##..#..#.#.#.#@#.#.#.#...#.#...
..#..##..#.#.##9##.#!#.#..#...#.$
.^##..#.y#.#..###.##.#.#3#.....#.
.....#..y#.#.....##9.#.##4......#
##########.###########.##########
................©................
.................................
###############.∩.###############
#8# #8# #8# #...# #8# #8# #8#


You could see a catoblepas and a gargoyle.

Vanquished Creatures
  Gastronok (Lair:2)
  Harold (D:8)
  A boulder beetle (Lair:3)
  A hydra (Lair:3)
  A catoblepas (Lair:3)
  A two-headed ogre (D:9)
  Urug (Lair:2)
  4 lindwurms (Lair:2)
  Pikel (D:7)
  A bog body (Lair:3)
  A manticore (D:8)
  Maurice (D:9)
  Maggie (Lair:2)
  Psyche (D:8)
  A kobold demonologist (D:8)
  6 cane toads
  5 komodo dragons
  3 trolls
  A polar bear (Lair:3)
  Prince Ribbit (Lair:2)
  11 blink frogs
  2 wyverns
  A vampire (D:9)
  2 wraiths
  15 yaks
  A basilisk (Lair:3)
  The ghost of BuddyBo the Chiller, an amateur GnWn of Okawaru (D:4)
  3 swamp worms (Lair:3)
  2 wargs
  9 water moccasins
  8 orc warriors
  A sky beast (D:5)
  An ice beast (D:9)
  3 eyes of draining (D:4)
  A phantom (D:7)
  2 necrophages
  13 ogres
  4 wolves (Lair:2)
  5 centaurs
  2 lemures (D:7)
  Blork the orc (D:4)
  16 big kobolds
  11 bullfrogs
  3 gnoll sergeants (D:10)
  6 scorpions
  15 killer bees
  8 wights (D:9)
  2 howler monkeys
  An electric eel (Lair:3)
  A bullfrog zombie (D:8)
  5 hounds
  4 orc priests
  A jelly (D:5)
  3 centaur skeletons
  7 iguanas
  7 orc wizards
  13 worker ants
  6 big kobold zombies (Ossuary)
  A hound skeleton (D:4)
  A mummy (Ossuary)
  A howler monkey zombie (D:7)
  3 gnolls (D:10)
  2 howler monkey skeletons
  11 adders
  A shadow imp (D:9)
  5 white imps
  3 ufetubi
  3 adder zombies
  An adder skeleton (D:8)
  2 worms (D:4)
  4 dart slugs
  5 leopard geckos
  65 orcs
  3 spectral bats (Ossuary)
  5 ball pythons
  4 giant cockroaches
  6 gnoll zombies (Ossuary)
  14 goblins
  8 hobgoblins
  A jackal (D:2)
  23 kobolds
  A quokka (D:2)
  7 bats
  3 bat simulacra (Ossuary)
  6 frilled lizards
  3 goblin zombies (Ossuary)
  7 hobgoblin zombies (Ossuary)
  A jackal skeleton (D:4)
  A jackal zombie (D:8)
  4 kobold simulacra (Ossuary)
  3 kobold zombies (Ossuary)
  A leopard gecko skeleton (D:6)
  5 orc zombies (Ossuary)
  11 rats
  6 rat simulacra (Ossuary)
  3 spectral goblins (Ossuary)
  3 spectral kobolds (Ossuary)
  2 spectral rats (Ossuary)
470 creatures vanquished.

Vanquished Creatures (others)
  A worker ant (D:6)
  A bush (D:6)
  10 demonic plants (Gauntlet)
  7 fungi
  11 plants
30 creatures vanquished.

Grand Total: 500 creatures vanquished

Notes
Turn   | Place    | Note
-------+----------+-------------------------------------------
     0 | Abyss:1  | MalarOregon the Draconian Abyssal Knight began the quest
                  | for the Orb.
     0 | Abyss:1  | Reached XP level 1. HP: 19/19 MP: 2/2
    13 | D:1      | Escaped the Abyss
   286 | D:1      | Reached XP level 2. HP: 26/26 MP: 3/3
   941 | D:2      | Reached ** piety under Lugonu
   998 | D:2      | Reached XP level 3. HP: 31/31 MP: 4/4
  1051 | D:2      | Found a white marble altar of Elyvilon.
  1095 | D:2      | Found a sparkling altar of Nemelex Xobeh.
  1119 | D:1      | Reached skill level 3 in Long Blades
  1190 | D:2      | Reached XP level 4. HP: 35/40 MP: 6/6
  2060 | D:3      | Noticed an orc warrior
  2066 | D:3      | Reached *** piety under Lugonu
  2415 | D:3      | Reached XP level 5. HP: 45/46 MP: 7/7
  2669 | D:3      | Found a stormy altar of Qazlal.
  2991 | D:3      | Reached skill level 1 in Short Blades
  3015 | D:3      | Reached skill level 1 in Shields
  3505 | D:4      | Reached skill level 4 in Long Blades
  3505 | D:4      | Reached XP level 6. HP: 41/52 MP: 8/8
  3936 | D:4      | Noticed Blork the orc
  3947 | D:4      | Killed Blork the orc
  3996 | D:4      | Found an opulent altar of Gozag.
  4002 | D:4      | Noticed BuddyBo's ghost (amateur GnWn)
  4153 | D:4      | Reached **** piety under Lugonu
  4318 | D:4      | Found a glowing silver altar of Zin.
  4320 | D:4      | Found an opulent altar of Gozag.
  4320 | D:4      | Found a basalt altar of Yredelemnul.
  4322 | D:4      | Found a stormy altar of Qazlal.
  4322 | D:4      | Found a shimmering altar of Xom.
  4322 | D:4      | Found an ancient bone altar of Kikubaaqudgha.
  4348 | D:4      | Found a runed translucent gate.
  4349 | D:4      | Found a runed translucent gate.
  4351 | D:4      | Found a runed translucent gate.
  4646 | D:4      | Found a bloodstained altar of Trog.
  4669 | D:4      | Your scales start taking on a rich purple colour.
  4669 | D:4      | Reached XP level 7. HP: 58/60 MP: 0/9
  4754 | D:4      | Learned a level 2 spell: Slow
  4793 | D:5      | Entered Level 5 of the Dungeon
  4849 | D:5      | Found a sand-covered staircase.
  4858 | Ossuary  | Entered an ossuary
  5101 | Ossuary  | Reached ***** piety under Lugonu
  5453 | D:5      | Reached skill level 5 in Long Blades
  5515 | D:5      | Reached skill level 1 in Hexes
  5522 | D:5      | Reached XP level 8. HP: 67/67 MP: 11/11
  5595 | D:5      | Reached skill level 1 in Spellcasting
  5600 | D:5      | Reached skill level 5 in Fighting
  5620 | D:5      | Found a staircase to the Ecumenical Temple.
  5681 | Temple   | Entered the Ecumenical Temple
  5902 | D:5      | Found a blossoming altar of Fedhas.
  5915 | D:5      | Reached skill level 1 in Evocations
  5947 | D:5      | Found an iron altar of Okawaru.
  6115 | D:5      | Reached skill level 1 in Slings
  6379 | D:6      | Found a glowing silver altar of Zin.
  6381 | D:6      | Noticed an angel
  6386 | D:6      | Found a shimmering altar of Xom.
  7044 | D:6      | Found a shadowy altar of Dithmenos.
  7048 | D:6      | Found a sacrificial altar of Ru.
  7608 | D:7      | Reached XP level 9. HP: 74/74 MP: 12/12
  7703 | D:7      | Reached skill level 6 in Long Blades
  8135 | D:7      | Noticed Pikel
  8177 | D:7      | Killed Pikel
  8177 | D:7      | Reached skill level 5 in Short Blades
  8177 | D:7      | Reached skill level 5 in Invocations
  8489 | D:8      | Found Maeck's Antique Armour Emporium.
  8496 | D:8      | Found a snail-covered altar of Cheibriados.
  8508 | D:8      | Bought a pair of runed gloves for 157 gold pieces
  8555 | D:8      | Noticed Psyche
  8593 | D:8      | Killed Psyche
  8924 | D:9      | Reached XP level 10. HP: 41/83 MP: 15/15
  9130 | D:8      | Reached skill level 7 in Long Blades
  9247 | D:8      | Found a staircase to the Lair.
  9606 | D:8      | Reached skill level 5 in Dodging
  9681 | D:8      | Noticed Harold
  9691 | D:8      | Killed Harold
  9718 | D:8      | Noticed a manticore
  9759 | D:8      | Killed a manticore
  9759 | D:8      | Reached skill level 5 in Slings
 10454 | Lair:1   | Entered Level 1 of the Lair of Beasts
 10653 | D:4      | Found an ornate altar of the Wu Jian Council.
 11075 | D:3      | Found a stormy altar of Qazlal.
 11366 | D:4      | Killed BuddyBo's ghost
 11706 | D:9      | Noticed a two-headed ogre
 11712 | D:9      | Killed a two-headed ogre
 11712 | D:9      | Reached skill level 8 in Long Blades
 11712 | D:9      | Reached XP level 11. HP: 59/91 MP: 16/18
 11756 | D:9      | Reached ****** piety under Lugonu
 11785 | D:9      | Found a roughly hewn altar of Beogh.
 12209 | D:9      | Noticed Maurice
 12233 | D:9      | Killed Maurice
 12876 | D:9      | Found a burning altar of Makhleb.
 12878 | D:9      | Noticed a blizzard demon
 12889 | D:9      | Reached skill level 5 in Spellcasting
 13034 | D:10     | Entered Level 10 of the Dungeon
 13089 | D:10     | Found a staircase to the Orcish Mines.
 13201 | D:10     | Reached skill level 5 in Hexes
 13201 | D:10     | Reached skill level 5 in Evocations
 14649 | Lair:1   | Reached skill level 9 in Long Blades
 15437 | Lair:2   | Noticed Maggie
 15441 | Lair:2   | Killed Maggie
 15503 | Lair:2   | Reached XP level 12. HP: 100/100 MP: 20/20
 15743 | Lair:2   | Noticed Prince Ribbit
 15757 | Lair:2   | Killed Prince Ribbit
 15953 | Lair:2   | Found a runed translucent gate.
 15953 | Lair:2   | Found a runed translucent gate.
 15953 | Lair:2   | Found a runed translucent gate.
 15993 | Lair:2   | Noticed Gastronok
 16014 | Lair:2   | Killed Gastronok
 16120 | Lair:2   | Noticed Urug
 16125 | Lair:2   | Killed Urug
 16224 | Lair:2   | Noticed a death ooze
 16225 | Lair:2   | Noticed tilp's ghost (journeyman HaAK)
 16227 | Lair:2   | Found a viscous altar of Jiyva.
 17008 | Lair:2   | Got a polished cloak
 17064 | Lair:2   | Identified the +0 cloak "Kihaelah" {-Tele Rampage MR+++
                  | Str+4} (You found it on level 2 of the Lair of Beasts)
 17558 | Lair:3   | Reached skill level 10 in Long Blades
 17567 | Lair:3   | Found a staircase to the Swamp.
 18125 | Lair:3   | Noticed a catoblepas
 18138 | Lair:3   | Killed a catoblepas
 18470 | Lair:3   | Noticed a six-headed hydra
 18508 | Lair:3   | Killed a six-headed hydra
 19372 | Lair:3   | Reached XP level 13. HP: 108/108 MP: 23/23
 20001 | Lair:4   | Found a gate leading to a gauntlet.
 20014 | Gauntlet | Entered a Gauntlet
 20014 | Gauntlet | Found a transporter.
 20035 | Gauntlet | Found a transporter.
 20049 | Gauntlet | Found a transporter.
 20054 | Gauntlet | Found a transporter.
 20073 | Gauntlet | Found a transporter.
 20088 | Gauntlet | Found a transporter.
 20100 | Gauntlet | Found a transporter.
 20112 | Gauntlet | Found a transporter.
 20114 | Gauntlet | Found the amulet of the Air {Inacc +Fly rElec EV+5 RMsl}
 20118 | Gauntlet | Found a transporter.
 20118 | Gauntlet | Found a transporter.
 20137 | Gauntlet | Found the ring of Phasing {EV+8}
 20137 | Gauntlet | Found a transporter.
 20143 | Gauntlet | Found a transporter.
 20145 | Gauntlet | Found a transporter.
 20162 | Gauntlet | Found a transporter.
 20168 | Gauntlet | Found a transporter.
 20211 | Gauntlet | Found a transporter.
 20236 | Gauntlet | Found a transporter.
 20262 | Gauntlet | Found a transporter.
 20444 | Gauntlet | Slain by a catoblepas

Illustrated notes

Levels and vault maps discovered:
D:1:      giann_forest_graveyard, layout_loops_ring
D:2:      layout_rooms, elyvilon_altar_3, old_standard_altar, solitary_fountain,
          serial_bayou_pond_b
D:3:      layout_basic, lemuel_round_altar
D:4:      layout_cave_pods, trog_eyes_of_draining,
          nicolae_overflow_hidden_temple, gammafunk_ghost_split,
          doesnt_xom_only_xom, uniq_blork_the_orc
D:5:      layout_gridville, okawaru_gym_becter, lemuel_doored_altar,
          temple_hall, enter_ossuary_1, minivault_19, roderic_st_hans_cross,
          minmay_manual_monolith
D:6:      layout_gridville, grunt_temple_overflow_order_and_chaos_1,
          kennysheep_mini_moat, kennysheep_mini, kb_lookout_dungeons_type
D:7:      layout_basic, uniq_pikel
D:8:      layout_loops_ring, overflow_temple_1_default,
          erik_lair_orcish_takeover, special_room [special_room_kobold],
          serial_shops, shop_fountains, minmay_radiant, uniq_psyche, uniq_harold
D:9:      layout_loops_ring, makhleb_altar_promises_db, special_room
          [special_room_orc], uniq_maurice
D:10:     layout_rooms, kennysheep_orc_monster_closet_entryway
Temple:   corrupted_temple
Lair:1:   layout_small_grid
Lair:2:   layout_hall_layers, gammafunk_ghost_ooze, minmay_lindwurm_lava,
          uniq_maggie, uniq_gastronok, uniq_prince_ribbit2, uniq_urug
Lair:3:   beast_lair_carwin_large_1, layout_cave_pods,
          nicolae_swamp_entry_splash_gauntlet, serial_bayou_shore_b
Lair:4:   layout_regular_city, minmay_snake_entry_six_corridors,
          gauntlet_entry_generic, serial_bayou_pond_d, serial_bayou_lagoon_a
Gauntlet: gammafunk_gauntlet_one_two_three [gammafunk_gauntlet_arena_spirals,
          nicolae_gauntlet_arena_x, gammafunk_gauntlet_arena_teeth,
          gammafunk_gauntlet_arena_arrow_garden,
          gammafunk_gauntlet_arena_chambers,
          gammafunk_gauntlet_arena_split_diamond,
          nicolae_gauntlet_arena_grate_2, gammafunk_gauntlet_arena_mazey,
          nicolae_gauntlet_arena_t_cross, gauntlet_exit_green]

Skill      XL: |  1  2  3  4  5  6  7  8  9 10 11 12 13 |
---------------+----------------------------------------+-----
Long Blades    | 3 4 5 6 8 9 10 | 10.4
Fighting       | 4 5 6 7 8 |  8.6
Invocations    | 3 4 5 6 7 8 |  8.1
Short Blades   | 1 2 3 4 5 7 8 |  8.1
Dodging        | 3 4 5 6 7 |  7.0
Shields        | 1 2 3 4 |  4.0
Hexes          | 1 2 3 4 5 6 7 |  7.0
Spellcasting   | 2 3 4 5 7 |  7.1
Evocations     | 2 3 4 5 6 |  6.9
Slings         | 2 3 5 6 8 |  8.3

Action                   |  1- 3 |  4- 6 |  7- 9 | 10-12 | 13-15 || total
-------------------------+-------+-------+-------+-------+-------++-------
Melee: Falchion          |    72 |    86 |     3 |       |       ||   161
       Tailslap          |     8 |    38 |    74 |   174 |    22 ||   316
       Dagger            |       |   140 |   501 |  1102 |    75 ||  1818
       Long sword        |       |       |       |       |     7 ||     7
Throw: Dart              |       |     4 |    36 |    47 |       ||    87
       Boomerang         |       |       |       |    21 |       ||    21
 Abil: Breathe Dispellin |       |       |     2 |       |       ||     2
Evoke: Wand              |       |       |       |    13 |       ||    13
       Lightning rod     |       |       |       |     4 |       ||     4
  Use: Scroll            |       |       |    16 |     2 |     1 ||    19
       Potion            |       |       |       |     4 |       ||     4
 Stab: Sleeping          |     1 |     2 |     1 |     1 |       ||     5
       Paralysed         |       |       |       |     5 |       ||     5
Armor: Skin              |    30 |    57 |   104 |   171 |     5 ||   367
Dodge: Dodged            |    52 |   113 |   165 |   387 |    29 ||   746
Block: Buckler           |       |    26 |   180 |   341 |    17 ||   564
       Reflection        |       |       |     7 |     9 |       ||    16
       Rpst.: Falchion   |    19 |    24 |       |       |       ||    43
       Long sword        |       |       |       |       |     1 ||     1

Table legend: (Time is in decaauts)
 A = Elapsed time spent in this place.
 B = Non-inter-level travel time spent in this place.
 C = Inter-level travel time spent in this place.
 D = Time resting spent in this place.
 E = Time spent auto-exploring this place.
 F = Levels seen in this place.
 G = Mean time per level.
                   A        B        C        D        E       F      G
               +--------+--------+--------+--------+--------+-----+--------+
         Total |  19790 |  18809 |    981 |   4107 |  11281 |  18 | 1099.4 |
       Dungeon |  13065 |  12294 |    771 |   2103 |   7917 |  10 | 1306.5 |
        Temple |     49 |     37 |     12 |      0 |     35 |   1 |   49.0 |
          Lair |   5806 |   5609 |    197 |   2004 |   2800 |   4 | 1451.5 |
         Abyss |     13 |     13 |      0 |      0 |      5 |   1 |   13.0 |
       Ossuary |    428 |    428 |      0 |      0 |    195 |   1 |  428.0 |
      Gauntlet |    427 |    427 |      0 |      0 |    329 |   1 |  427.0 |
               +--------+--------+--------+--------+--------+-----+--------+

Top non-repeatable levels by time:
  Lair:3: 2595 daAuts
     D:3: 1793 daAuts
     D:9: 1769 daAuts
  Lair:2: 1767 daAuts
     D:4: 1605 daAuts
     D:8: 1458 daAuts
  Lair:1: 1363 daAuts
     D:2: 1354 daAuts
     D:6: 1205 daAuts
     D:5: 1044 daAuts
     D:7: 968 daAuts
    D:10: 943 daAuts
     D:1: 921 daAuts
 Ossuary: 428 daAuts
Gauntlet: 427 daAuts
